 Dungeon Crawl Stone Soup version 0.18.1-50-g88ac8fd (webtiles) character file.

282 magog001 the Bolt Thrower (level 6, -12/46 HPs)
             Began as a Formicid Hunter on Jan 11, 2017.
             Mangled by wazuzu's ghost (17 damage)
             ... on level 3 of the Dungeon.
             The game lasted 00:14:26 (2261 turns).

magog001 the Bolt Thrower (Formicid Hunter)         Turns: 2261, Time: 00:14:26

Health: -12/46     AC:  9    Str: 18    XL:     6   Next: 54%
Magic:  6/6        EV:  8    Int: 10    God:
Gold:   156        SH:  0    Dex: 12    Spells: 0 memorised, 5 levels left

rFire  . . .     SeeInvis +     q - +2 war axe (chop)
rCold  . . .     Gourm    .     p - +0 chain mail (curse)
rNeg   . . .     Faith    .     (no shield)
rPois  .         Spirit   .     (helmet unavailable)
rElec  .         Dismiss  .     (no cloak)
rCorr  .         Reflect  .     (no gloves)
SustAt .         Harm     .     (no boots)
MR     .....                    (no amulet)
Stlth  ..........               (no ring)
                                (no ring)

@: not resistant to hostile enchantments, extremely unstealthy
A: permanent stasis, dig shafts and tunnels, four strong arms, antennae 3,
talons 1
a: Dig, Shaft Self


You were on level 3 of the Dungeon.
You were hungry.

You visited 1 branch of the dungeon, and saw 3 of its levels.

You collected 156 gold pieces.

Inventory:

Hand Weapons
 a - a +1 hand crossbow
 b - a +0 short sword
 q - a +2 war axe of chopping (weapon)
Missiles
 d - 46 bolts
 l - 3 javelins (quivered)
Armour
 c - a +0 leather armour
 g - a +2 robe
 p - a cursed +0 chain mail (worn)
Scrolls
 h - a scroll of amnesia
 i - a scroll of identify
Potions
 e - a potion of invisibility
Comestibles
 f - 4 bread rations
 j - 6 chunks of flesh
 k - a beef jerky
 m - 2 fruits
 r - a royal jelly


   Skills:
 + Level 2.6 Fighting
 + Level 1.2 Axes
 + Level 6.1 Crossbows
 + Level 3.0 Armour
 + Level 2.2 Dodging
 + Level 1.4 Stealth


You had 5 spell levels left.
You didn't know any spells.

Dungeon Overview and Level Annotations

Branches:
Dungeon (3/15)

Altars:
Pakellas

Annotations:
D:3 wazuzu's ghost, amateur SpAs


Innate Abilities, Weirdness & Mutations

You are under a permanent stasis effect.
You can dig through walls and to a lower floor.
Your four strong arms can wield two-handed weapons with a shield.
You have a pair of large antennae on your head (SInv).
You have sharp toenails.


Message History

The adder bites you but does no damage.
You closely miss the adder.
The adder is almost dead.
The adder bites you.
* * * LOW HITPOINT WARNING * * *
The adder bites you but does no damage.
You hit the adder.
You kill the adder!
You feel sick. Wazuzu's ghost barely misses you.
Some of the chunks of flesh in your inventory have rotted away.
Wazuzu's ghost hits you but does no damage.
Wazuzu's ghost hits you.
* * * LOW HITPOINT WARNING * * *
You feel sick.
You are no longer poisoned.
Wazuzu's ghost lets out a mournful wail.
Wazuzu's ghost hits you.
* * * LOW HITPOINT WARNING * * *
You are electrocuted!
You die...

#.......#.# ###.....#.# #.
#.....#W# #. #####..#.##.#
#. #.....###...##### #.
#.####.#[.......# #. #.#
#..###.###.# #. #.# #.##
#.# #W# #. #.# #.# #.# #@#
#. #.# #.# #.# #.# #. #.#
#.# #.# #.# #. #.#
#.####.###.## #. #.#
#...........##############.
#.#
#..###......<.<........).).
#.####..#
#.###..#########.#)###
#.......# #.# #..# #.#....
######.####.###..# #.#####


You could see wazuzu's ghost.

Vanquished Creatures
  Sigmund (D:3)
  An orc priest (D:3)
  A gnoll (D:1)
  An adder (D:3)
  An ooze (D:1)
  4 worms
  2 giant geckos
  2 orcs (D:3)
  4 giant cockroaches
  6 goblins
  5 hobgoblins
  6 jackals (D:2)
  4 kobolds
  3 bats
  6 giant newts
  8 rats
55 creatures vanquished.

Notes
Turn   | Place    | Note
--------------------------------------------------------------
     0 | D:1      | magog001 the Formicid Hunter began the quest for the Orb.
     0 | D:1      | Reached XP level 1. HP: 16/16 MP: 1/1
    88 | D:1      | Reached XP level 2. HP: 21/22 MP: 2/2
   147 | D:1      | Reached XP level 3. HP: 28/28 MP: 3/3
   678 | D:2      | Found an oddly glowing altar of Pakellas.
   811 | D:2      | Reached skill level 5 in Crossbows
   915 | D:2      | Reached XP level 4. HP: 34/34 MP: 4/4
  1102 | D:2      | Reached skill level 1 in Armour
  1662 | D:3      | Reached XP level 5. HP: 23/39 MP: 5/5
  1816 | D:3      | Noticed Sigmund
  1827 | D:3      | Gained mutation: You have sharp toenails. [potion of beneficial mutation]
  1834 | D:3      | Killed Sigmund
  1834 | D:3      | Reached skill level 1 in Axes
  1834 | D:3      | Reached skill level 6 in Crossbows
  1834 | D:3      | Reached XP level 6. HP: 19/46 MP: 6/6
  2217 | D:3      | Noticed wazuzu's ghost (amateur SpAs)
  2261 | D:3      | Mangled by wazuzu's ghost

Skill      XL: |  1  2  3  4  5  6 |
---------------+-------------------+-----
Crossbows      | 5 6 |  6.1
Armour         | 1 2 3 |  3.0
Dodging        | 2 |  2.2
Axes           | 1 |  1.2
Fighting       | |  2.6
Stealth        | |  1.4

Action                   |  1- 3 |  4- 6 || total
-------------------------+-------+-------++-------
Melee: Short sword       |     2 |       ||     2
       War axe           |       |    67 ||    67
       Kick              |       |     3 ||     3
 Fire: Hand crossbow     |    63 |    28 ||    91
 Abil: Dig               |     3 |       ||     3
  Use: Potion            |       |     2 ||     2
       Scroll            |       |     4 ||     4
  Eat: Chunk             |       |     4 ||     4
Armor: Leather armour    |     5 |       ||     5
       Chain mail        |       |    73 ||    73
Dodge: Dodged            |    23 |    53 ||    76
